 Dungeon Crawl Stone Soup version 0.25.1-9-gc5326a611f (webtiles) character file.

Game seed: 16813668764624234241

628 prey the Covered (level 7, -5/61 HPs)
             Began as a Minotaur Berserker on Dec 30, 2020.
             Was a Priest of Trog.
             Killed by nerve-wracking pain
             ... invoked by an orc priest
              (10 damage)
             ... on level 4 of the Dungeon.
             The game lasted 00:21:52 (3198 turns).

prey the Covered (Minotaur Berserker)               Turns: 3198, Time: 00:21:52

Health: -5/61      AC:  8    Str: 22    XL:     7   Next: 23%
Magic:  6/6        EV:  9    Int:  6    God:    Trog [***...]
Gold:   280        SH: 13    Dex:  9    Spells: 6/6 levels left

rFire    . . .     SeeInvis .   k - +0 mace
rCold    . . .     Gourm    .   x - +0 kite shield
rNeg     . . .     Faith    .   n - +0 ring mail
rPois    .         Spirit   .   (helmet restricted)
rElec    .         Reflect  +   (no cloak)
rCorr    .         Harm     .   D - +0 pair of gloves (curse)
MR       .....                  z - +0 pair of boots
Stlth    ..........             y - amulet of reflection
HPRegen  0.20/turn              (no ring)
MPRegen  0.10/turn              (no ring)

@: berserk cooldown, slowed, very slow
A: retaliatory headbutt, horns 2
a: Berserk, Trog's Hand, Renounce Religion


You were on level 4 of the Dungeon.
You worshipped Trog.
Trog was most pleased with you.
You were very hungry.

You visited 1 branch of the dungeon, and saw 4 of its levels.

You collected 280 gold pieces.

Inventory:

Hand Weapons
 a - a +0 falchion
 k - a +0 mace (weapon)
 m - a +0 flail
 p - a +0 trident
 u - a +0 scythe
 C - a +0 war axe
Missiles
 q - 30 poisoned darts (quivered)
Armour
 b - a +0 animal skin
 n - a +0 ring mail (worn)
 x - a +0 kite shield (worn)
 z - a +0 pair of boots (worn)
 D - a cursed +0 pair of gloves (worn)
Jewellery
 y - an amulet of reflection (around neck)
Wands
 s - a wand of paralysis (5)
Scrolls
 d - 6 scrolls of identify {unknown}
 e - 5 scrolls of remove curse {unknown}
 f - a scroll of immolation {unknown}
 h - a scroll of random uselessness {unknown}
 i - 3 scrolls of magic mapping {unknown}
 o - a scroll of teleportation {unknown}
 r - 2 scrolls of amnesia {unknown}
 v - 2 scrolls of enchant weapon {unknown}
Potions
 g - 2 potions of curing {unknown}
 j - a potion of ambrosia {unknown}
 l - a potion of heal wounds {unknown}
 t - a potion of stabbing {unknown}
 w - a potion of magic {unknown}
 A - a potion of berserk rage {unknown}
 B - a potion of brilliance {unknown}
Comestibles
 c - 8 rations


   Skills:
 + Level 5.4 Fighting
 - Level 4.5 Long Blades
 * Level 4.2 Maces & Flails
 * Level 5.4 Armour
 + Level 3.7 Dodging
 * Level 2.5 Shields


You had 6 spell levels left.
You didn't know any spells.
Your spell library was empty.

Dungeon Overview and Level Annotations

Branches:
Dungeon (4/15)
 Temple: D:4-7

Altars:
Kikubaaqudgha
Xom


Innate Abilities, Weirdness & Mutations

You reflexively headbutt those who attack you in melee.
You have a pair of horns on your head.


Message History

The orc priest's wounds heal themselves!
You hit the orc priest but do no damage.
The orc priest barely misses you. You furiously retaliate!
You headbutt the orc priest.
An orc wizard comes into view. It is wielding a +0 dagger.
The orc priest invokes the aid of Beogh against you.
Pain shoots through your body!
* * * LOW HITPOINT WARNING * * *
You block the orc priest's attack.
The orc priest mumbles some strange prayers to Beogh against you.
You struggle to resist.
You block the orc's attack.
The orc wizard casts a spell.
The orc wizard seems to speed up.
The orc priest invokes the aid of Beogh against you.
Beogh smites you!
* * * LOW HITPOINT WARNING * * *
The orc priest begins to cast a cantrip, but forgets the words!
The orc priest calls down the wrath of Beogh upon you.
Pain shoots through your body!
You die...

#........#..#
#.......#....
#......#..##.
#.....#...##.
#########.###.......
##...##.##.##....#..#
#..................#.
#..................#.
#...@..<...........#.
#..#.##.##.####....##
####o##'##.######+###
#ooo...#...........
#......#...........
#......+...........
##....#######....##
##'#######.####'###
#>)..............#.


You could see 2 orc priests, an orc wizard (fast) and an orc.

Vanquished Creatures
  Sigmund (D:3)
  Purgy (D:3)
  An ogre (D:4)
  A scorpion (D:4)
  Terence (D:2)
  Robin (D:3)
  6 gnolls
  6 adders
  An ooze (D:1)
  5 worms
  A dart slug (D:1)
  2 leopard geckos
  2 orcs (D:3)
  10 bats
  3 giant cockroaches
  14 goblins
  10 hobgoblins
  2 jackals (D:2)
  A quokka (D:3)
  A ball python (D:3)
  4 frilled lizards
  6 kobolds
  7 rats
87 creatures vanquished.

Notes
Turn   | Place    | Note
-------+----------+-------------------------------------------
     0 | D:1      | prey the Minotaur Berserker began the quest for the Orb.
     0 | D:1      | Reached XP level 1. HP: 19/19 MP: 0/0
   147 | D:1      | Reached XP level 2. HP: 27/27 MP: 1/1
   631 | D:2      | Reached XP level 3. HP: 15/33 MP: 2/2
  1016 | D:2      | Reached XP level 4. HP: 27/41 MP: 3/3
  1150 | D:2      | Noticed Terence
  1153 | D:2      | Killed Terence
  1153 | D:2      | Reached skill level 1 in Maces & Flails
  1559 | D:3      | Noticed Sigmund
  1574 | D:3      | Killed Sigmund
  1574 | D:3      | Reached ** piety under Trog
  1574 | D:3      | Reached skill level 5 in Fighting
  1574 | D:3      | Reached XP level 5. HP: 48/48 MP: 4/4
  1664 | D:2      | Found an ancient bone altar of Kikubaaqudgha.
  1718 | D:2      | Found a shimmering altar of Xom.
  1762 | D:2      | Reached XP level 6. HP: 55/56 MP: 5/5
  2263 | D:3      | Noticed Purgy
  2280 | D:3      | Killed Purgy
  2280 | D:3      | Reached skill level 1 in Shields
  2284 | D:3      | Reached skill level 5 in Armour
  2446 | D:3      | Noticed Robin
  2467 | D:3      | Killed Robin
  2927 | D:4      | Reached *** piety under Trog
  2939 | D:4      | Reached XP level 7. HP: 57/61 MP: 6/6
  3198 | D:4      | Killed from afar by an orc priest

Illustrated notes

Levels and vault maps discovered:
D:1:      minmay_arrival_up_and_down, layout_basic, serial_park_tiny_1
D:2:      minmay_door_path, layout_loops_cross, minitemple, first_ration,
          minmay_stone_trees_medium, uniq_terence
D:3:      cheibrodos_helix_gallery, layout_loops_ring, uniq_purgy, uniq_robin,
          uniq_sigmund
D:4:      layout_gridville, minivault_26, minmay_misc_feat_tiny,
          serial_bayou_lake_a

Skill      XL: |  1  2  3  4  5  6 |
---------------+-------------------+-----
Long Blades    | 4 |  4.5
Fighting       | 4 5 |  5.4
Armour         | 3 4 5 |  5.4
Maces & Flails | 2 4 |  4.2
Dodging        | 3 |  3.7
Shields        | 2 |  2.5

Action                   |  1- 3 |  4- 6 |  7- 9 || total
-------------------------+-------+-------+-------++-------
Melee: Falchion          |    45 |       |       ||    45
       Headbutt          |     8 |    19 |       ||    27
       Flail             |     1 |     3 |       ||     4
       Mace              |       |   129 |     8 ||   137
       Scythe            |       |    18 |       ||    18
Throw: Dart              |       |     3 |       ||     3
Invok: Berserk           |       |     5 |     1 ||     6
       Trog's Hand       |       |     1 |       ||     1
  Eat: Chunk             |       |    12 |       ||    12
Armor: Animal skin       |    12 |       |       ||    12
       Ring mail         |       |    63 |       ||    63
Dodge: Dodged            |    24 |    73 |     3 ||   100
Block: Kite shield       |       |    90 |     7 ||    97
       Rpst.: Falchion   |     3 |       |       ||     3
